 Dungeon Crawl Stone Soup version 0.28-a0-1387-g3a22ab9bdc (webtiles) character file.

Game seed: 7716750444756447117

249 enile the Vexing (level 5, -4/25 HPs)
             Began as a Felid Wanderer on Jan 2, 2022.
             Was a Follower of Nemelex Xobeh.
             Killed from afar by a white imp (10 damage)
             ... with a puff of frost
             ... on level 5 of the Dungeon.
             The game lasted 00:19:53 (7617 turns).

enile the Vexing (Felid Wanderer)                   Turns: 7617, Time: 00:19:54

Health: -4/25      AC:  1    Str:  7    XL:     5   Next: 87%
Magic:  3/7        EV: 19    Int: 14    God:    Nemelex Xobeh [*.....]
Gold:   196        SH:  0    Dex: 18    Spells: 1/6 levels left
                                        Lives:  0   Deaths: 1

rFire   . . .      SeeInvis +     - Unarmed
rCold   . . .      Faith    .   (shield unavailable)
rNeg    . . .      Spirit   .   (armour unavailable)
rPois   .          Reflect  .   (helmet unavailable)
rElec   .          Harm     .   (cloak unavailable)
rCorr   .          Rampage  .   (gloves unavailable)
Will    .....                   (boots unavailable)
Stlth   ++........              (no amulet)
HPRegen 0.08/turn               (no ring)
MPRegen 0.10/turn               (no ring)

@: quick
A: very small, claws 1, fangs 3, see invisible, speed 1, shaggy fur 1, stealthy
paws, no weapons or thrown items, no armour, multi-lived
a: Renounce Religion, Draw Escape, Draw Destruction, Draw Summoning


You were on level 5 of the Dungeon.
You worshipped Nemelex Xobeh.
Nemelex Xobeh was aware of your devotion.
You visited 1 branch of the dungeon, and saw 5 of its levels.

You collected 196 gold pieces.

Inventory:

Missiles
 b - 143 stones
 e - 30 poisoned darts
Wands
 o - a wand of charming (2)
 p - a wand of digging (2)
Scrolls
 a - 2 scrolls of teleportation
 c - 6 scrolls of identify {unknown}
 d - a scroll of magic mapping {unknown}
 h - 2 scrolls of blinking {unknown}
 i - a scroll of immolation {unknown}
 l - a scroll of fog {unknown}
Potions
 f - a potion of heal wounds
 g - 2 potions of brilliance {unknown}
 j - a potion of ambrosia {unknown}
 k - a potion of berserk rage {unknown}
 m - 2 potions of flight {unknown}
 n - 2 potions of curing {unknown}


   Skills:
 - Level 4.0 Fighting
 - Level 4.0 Dodging
 - Level 2.7 Stealth
 - Level 1.5 Unarmed Combat
 - Level 1.0 Spellcasting
 + Level 5.9 Hexes
 - Level 3.0 Translocations
 - Level 2.0 Invocations
 - Level 1.1 Evocations


You had one spell level left.
You knew the following spells:

 Your Spells              Type           Power      Damage    Failure   Level
a - Apportation           Tloc           18%        N/A       8%          1
b - Slow                  Hex            68%        N/A       2%          1
c - Confusing Touch       Hex            17%        N/A       7%          3

Your spell library contained the following spells:

 Spells                   Type           Power      Damage    Failure   Level
 Gell's Gravitas          Tloc           9%         N/A       22%         3
 Passwall                 Tmut/Erth      0%         N/A       36%         2
 Sublimation of Blood     Necr           0%         N/A       36%         2
 Swiftness                Air            0%         N/A       61%         3
 Vampiric Draining        Necr           0%         2d6       61%         3
 Petrify                  Tmut/Erth      0%         N/A       95%         4
 Irradiate                Conj/Tmut      0%         3d13      100%        5


Dungeon Overview and Level Annotations

Branches:
Dungeon (5/15)
 Temple: D:4-7

Altars:
Nemelex Xobeh

Annotations:
D:1 exclusion: goblin
D:3 exclusion: orc priest


Innate Abilities, Weirdness & Mutations

You have sharp claws.
You have razor-sharp teeth.
You have supernaturally acute eyesight. (SInv)
You cover ground quickly. (Speed+)
You are covered in fur. (AC +1)
Your paws help you pounce on unaware monsters.
You are incapable of wielding weapons or throwing items.
You cannot wear armour.
You gain extra lives every three experience levels.


Message History

Casting: Slow (safe; 2% risk of failure)
Confirm with . or Enter, or press ? or * to list all spells.
Aiming: Slow (safe; 2% risk of failure)
Press: ? - help, Shift-Dir - straight line, f/p - white imp
Aim: a white imp (chance to affect: 65%)
The white imp seems to slow down.
Casting: Slow (safe; 2% risk of failure)
Confirm with . or Enter, or press ? or * to list all spells.
Aiming: Slow (safe; 2% risk of failure)
Press: ? - help, Shift-Dir - straight line, f/p - white imp
Aim: a white imp (slow, chance to affect: 65%)
The white imp seems to slow down.
Casting: Slow (safe; 2% risk of failure)
Confirm with . or Enter, or press ? or * to list all spells.
Aiming: Slow (safe; 2% risk of failure)
Press: ? - help, Shift-Dir - straight line, f/p - white imp
Aim: a white imp (slow, chance to affect: 65%)
The white imp struggles to resist.
Found a robe.
The white imp hits you. The white imp freezes you.
You barely miss the white imp.
You bite the white imp, but do no damage.
You scratch the white imp but do no damage.
The white imp barely misses you.
You closely miss the white imp.
You bite the white imp, but do no damage.
The white imp shouts, "Out, out, thou surly idle-headed clotpole!"
The white imp hits you. The white imp freezes you.
* * * LOW HITPOINT WARNING * * *
You closely miss the white imp. Your claw misses the white imp.
You barely miss the white imp. The white imp misses you.
You scratch the white imp but do no damage.
The white imp closely misses you.
You scratch the white imp.
The white imp is heavily wounded.
You scratch the white imp but do no damage.
The white imp is heavily wounded.
The white imp gestures at you. The puff of frost hits you!
You die...
Your body glows slightly and disappears.

## #.# ## ..#
#[# ..# ..#
#.# ...###
#.## #......
#..##......#
##).@5# ###
### ##.....#
.. #.#
#...#..# ..
#.#
#..####.###.#
#.#######
##..# #....#
#...##..##
##.# #....#
##.......# #|#
#....#
#######.##
##.# ##.##.
#..###.####.##


You could see a white imp (slow).

Vanquished Creatures
  A howler monkey (D:5)
  A hound (D:5)
  2 orc priests (D:3)
  A bullfrog skeleton (D:3)
  A hound skeleton (D:4)
  2 adders
  2 worms
  11 orcs
  5 endoplasms
  3 giant cockroaches
  9 goblins
  4 hobgoblins
  8 jackals
  2 quokkas
  4 ball pythons
  4 bats
  2 frilled lizards
  3 kobolds
  4 rats
69 creatures vanquished.

Vanquished Creatures (collateral kills)
  2 orc priests
  An iguana (D:3)
  4 orcs
  A rat (D:3)
8 creatures vanquished.

Grand Total: 77 creatures vanquished

Notes
Turn   | Place    | Note
-------+----------+-------------------------------------------
     0 | D:1      | enile the Felid Wanderer began the quest for the Orb.
     0 | D:1      | enile set off with the following items: a scroll of
                  | teleportation; and the following spell memorised:
                  | Apportation; and the following spells available to
                  | memorise: Gell's Gravitas
     0 | D:1      | Reached XP level 1. HP: 10/10 MP: 3/3
   315 | D:1      | Found Qutytrism's Distillery.
   372 | D:1      | Learned a level 1 spell: Slow
   376 | D:1      | Reached skill level 1 in Unarmed Combat
   984 | D:1      | Reached XP level 2. HP: 10/14 MP: 0/4
  1338 | D:1      | Reached skill level 1 in Hexes
  1717 | D:1      | Reached skill level 2 in Hexes
  2233 | D:2      | Reached XP level 3. HP: 17/17 MP: 0/5
  2242 | D:2      | Reached skill level 3 in Hexes
  3342 | D:3      | Reached skill level 4 in Hexes
  3342 | D:3      | Reached XP level 4. HP: 21/21 MP: 1/6
  4091 | D:3      | Found a faded altar of an unknown god.
  4095 | D:3      | Prayed at the altar of an unknown god.
  4095 | D:3      | Became a worshipper of Nemelex Xobeh the Trickster
  4095 | D:3      | Reached * piety under Nemelex Xobeh
  4095 | D:3      | Received a gift from Nemelex Xobeh
  4619 | D:3      | Learned a level 3 spell: Confusing Touch
  4725 | D:3      | Reached XP level 5. HP: 25/25 MP: 7/7
  5032 | D:4      | Reached skill level 1 in Invocations
  5839 | D:3      | HP: 1/25 [orc priest/divine providence (15)]
  5845 | D:3      | Killed from afar by an orc priest
  5846 | D:3      | Reached XP level 4. HP: -9/22 MP: 4/6
  5893 | D:3      | Reached XP level 5. HP: 25/25 MP: 5/7
  6255 | D:4      | Reached skill level 5 in Hexes
  6585 | D:5      | Entered Level 5 of the Dungeon
  6627 | D:5      | Noticed a water moccasin
  7617 | D:5      | Killed from afar by a white imp

Illustrated notes

Levels and vault maps discovered:
D:1:      dpeg_arrival_refuge, layout_rooms, serial_shops, nicolae_shop_crystal
D:2:      layout_rooms
D:3:      layout_basic, hellmonk_ecumenical_altar_leap_of_faith,
          kennysheep_decorative_pillar, grunt_ministairs_1
D:4:      layout_basic
D:5:      layout_layer_cave, minmay_temple_entry_crystal_x, uniq_prince_ribbit1

Skill      XL: |  1  2  3  4  5 |
---------------+----------------+-----
Unarmed Combat | 1 |  1.5
Hexes          | 2 4 5 |  5.9
Fighting       | 4 |  4.0
Dodging        | 3 4 |  4.0
Invocations    | 2 1 |  2.0
Stealth        | |  2.7
Spellcasting   | |  1.0
Translocations | |  3.0
Evocations     | |  1.1

Action                   |  1- 3 |  4- 6 || total
-------------------------+-------+-------++-------
Melee: Unarmed           |   116 |   248 ||   364
       Bite              |    12 |    23 ||    35
 Cast: Slow              |    84 |    59 ||   143
       Apportation       |     2 |     1 ||     3
       Confusing Touch   |       |    11 ||    11
Invok: Draw Summoning    |       |     2 ||     2
       Draw Destruction  |       |     1 ||     1
       Draw Escape       |       |     1 ||     1
  Use: Potion            |       |     1 ||     1
 Stab: Sleeping          |     1 |     2 ||     3
       Confused          |       |     5 ||     5
Armor: Skin              |    12 |     5 ||    17
Dodge: Dodged            |    69 |   166 ||   235

Table legend: (Time is in decaauts)
 A = Elapsed time spent in this place.
 B = Non-inter-level travel time spent in this place.
 C = Inter-level travel time spent in this place.
 D = Time resting spent in this place.
 E = Time spent auto-exploring this place.
 F = Levels seen in this place.
 G = Mean time per level.
                   A        B        C        D        E       F      G
               +--------+--------+--------+--------+--------+-----+--------+
         Total |   7032 |   6922 |    110 |   1576 |   3900 |   5 | 1406.4 |
       Dungeon |   7032 |   6922 |    110 |   1576 |   3900 |   5 | 1406.4 |
               +--------+--------+--------+--------+--------+-----+--------+

Top non-repeatable levels by time:
     D:4: 1897 daAuts
     D:3: 1761 daAuts
     D:1: 1665 daAuts
     D:2: 1275 daAuts
     D:5: 432 daAuts
